 Dungeon Crawl Stone Soup version 0.30-a0-292-g0f741e3f8e (webtiles) character file.

Game seed: 9179352802479190467

15 Flugkiller the Cutter (level 2, -1/22 HPs)
             Began as a Demonspawn Gladiator on Oct 17, 2022.
             Frozen to death by an endoplasm (4 damage)
             ... on level 1 of the Dungeon.
             The game lasted 00:00:22 (535 turns).

Flugkiller the Cutter (Demonspawn Gladiator)         Turns: 535, Time: 00:00:22

Health: -1/22      AC:  4    Str: 14    XL:     2   Next: 34%
Magic:  2/2        EV: 12    Int:  9    God:
Gold:   38         SH:  0    Dex: 14    Spells: 1/1 levels left

rFire   . . .      SeeInvis .    a - +0 rapier
rCold   . . .      Faith    .    (no shield)
rNeg    . . .      Spirit   .    b - +0 leather armour
rPois   .          Reflect  .    c - +0 helmet
rElec   .          Harm     .    (no cloak)
rCorr   .          Rampage  .    (no gloves)
Will    .....                    (no boots)
Stlth   +.........               (no amulet)
HPRegen 0.23/turn                (no ring)
MPRegen 0.16/turn                (no ring)

@: no status effects
A: magic regeneration
a: no special abilities


You were on level 1 of the Dungeon.
You visited 1 branch of the dungeon, and saw 1 of its levels.

You collected 38 gold pieces.

Inventory:

Hand Weapons
 a - a +0 rapier (weapon)
Missiles
 d - 3 throwing nets (quivered)
 e - a javelin
Armour
 b - a +0 leather armour (worn)
 c - a +0 helmet (worn)
Scrolls
 f - a scroll of brand weapon {unknown}
 g - a scroll of fear {unknown}
 h - 3 scrolls of identify {unknown}
 i - a scroll of teleportation {unknown}
Potions
 j - a potion of attraction {unknown}


   Skills:
 - Level 2.0 Fighting
 + Level 3.4 Short Blades
 - Level 1.7 Throwing
 - Level 2.6 Dodging


You had one spell level left.
You didn't know any spells.
Your spell library was empty.

Dungeon Overview and Level Annotations

Branches:
Dungeon (1/15) Zot: 5461

Altars:


Innate Abilities, Weirdness & Mutations

You regenerate magic rapidly.


Message History

No target in view!
No target in view!
No target in view!
No target in view!
An endoplasm comes into view.
An endoplasm is nearby!
An endoplasm is nearby!
No reachable target in view!
No reachable target in view!
No reachable target in view!
No reachable target in view!
No reachable target in view!
No reachable target in view!
No reachable target in view!
No reachable target in view!
The endoplasm quivers.
The endoplasm freezes you.
You are frozen.
You hit the endoplasm.
The endoplasm is heavily wounded.
The endoplasm freezes you.
You are frozen.
You are too injured to fight recklessly!
You hit the endoplasm.
You kill the endoplasm!
No target in view!
You start resting.
HP restored.
You now have 38 gold pieces (gained 7).
Found an escape hatch in the floor.
j - a coppery potion An endoplasm comes into view.
An endoplasm is nearby!
A bat comes into view.
A ball python comes into view.
The bat barely misses you.
You barely miss the ball python. The bat hits you. The bat barely misses you.
The ball python barely misses you. x2; The bat hits you.
The endoplasm quivers.
You hit the ball python but do no damage.
The bat hits you. The ball python barely misses you.
The ball python misses you.
You hit the endoplasm but do no damage. The ball python barely misses you.
The ball python grabs you. The ball python constricts you.
The endoplasm hits you but does no damage.
The bat misses you. The ball python bites you. The ball python constricts you.
You completely miss the ball python. The bat barely misses you.
The endoplasm freezes you.
You are frozen.
The ball python bites you but does no damage.
The ball python constricts you.
You hit the ball python.
The ball python is moderately wounded.
The bat barely misses you. The ball python barely misses you.
The ball python constricts you.
The endoplasm hits you but does no damage.
You barely miss the ball python.
The ball python is moderately wounded.
The bat barely misses you.
The ball python bites you but does no damage.
The ball python constricts you. The endoplasm freezes you.
You are frozen.
You hit the ball python.
The ball python is severely wounded.
The bat barely misses you. The ball python barely misses you.
The ball python constricts you. The endoplasm completely misses you.
The ball python barely misses you. The ball python constricts you.
There are monsters nearby!
You barely miss the ball python.
The ball python is severely wounded.
The bat completely misses you. The endoplasm freezes you.
You are frozen.
The ball python bites you. The ball python constricts you.
You are too injured to fight recklessly!
You are too injured to fight recklessly!
You are too injured to fight recklessly!
You are too injured to fight recklessly!
You are too injured to fight recklessly!
You are too injured to fight recklessly!
You are too injured to fight recklessly!
You are too injured to fight recklessly!
You barely miss the endoplasm. The bat hits you but does no damage.
The endoplasm freezes you.
You are frozen.
The ball python bites you.
* * * LOW HITPOINT WARNING * * *
The ball python constricts you.
You hit the ball python.
You kill the ball python!
The bat hits you.
* * * LOW HITPOINT WARNING * * *
The endoplasm freezes you.
You are frozen.
* * * LOW HITPOINT WARNING * * *
You hit the endoplasm.
The endoplasm is heavily wounded.
The bat closely misses you. The endoplasm freezes you.
You are frozen.
You die...

...#.#...
##....#.PP.PP........ #
.........P....#.#... #
#.#...................
#.#.#...................
......>.................
..................#.#...
#.....J.......#...#.#...
#..@..#...#.........
#...................
#.b...#.......#.#...
........#...#.........
...................##.♣
..............♣♣♣.....♣♣
###.#.#.................
#.###..##...♣♣♣.....P.
.................♣♣


You could see an endoplasm and a bat.

Vanquished Creatures
  A dart slug (D:1)
  A ball python (D:1)
  2 endoplasms (D:1)
  2 hobgoblins (D:1)
  A quokka (D:1)
  A bat (D:1)
  2 kobolds (D:1)
  3 rats (D:1)
13 creatures vanquished.

Notes
Turn   | Place    | Note
-------+----------+-------------------------------------------
     0 | D:1      | Flugkiller the Demonspawn Gladiator began the quest for the
                  | Orb.
     0 | D:1      | Reached XP level 1. HP: 16/16 MP: 1/1
    43 | D:1      | Reached skill level 3 in Short Blades
   310 | D:1      | Gained mutation: You regenerate magic rapidly. [demonic
                  | ancestry]
   310 | D:1      | Reached XP level 2. HP: 9/22 MP: 2/2
   535 | D:1      | Frozen to death by an endoplasm

Illustrated notes

Levels and vault maps discovered:
D:1:      dpeg_arrival_arbitrary_c, layout_basic,
          hellmonk_ecumenical_altar_lost_god, serial_forest,
          infiniplex_forest_clump_tiny, infiniplex_forest_zigzag_1,
          infiniplex_forest_side_room, infiniplex_forest_straight_1,
          infiniplex_forest_clump_small, infiniplex_forest_end_2,
          infiniplex_forest_lined_room_2

Skill      XL: |  1 |
---------------+----+-----
Short Blades   | 3 |  3.4
Fighting       | |  2.0
Throwing       | |  1.7
Dodging        | |  2.6

Action                   || total
-------------------------++-------
Melee: Rapier            ||    48
 Stab: Sleeping          ||     1
Armor: Leather armour    ||    13
Dodge: Dodged            ||    38

Table legend: (Time is in decaauts)
 A = Elapsed time spent in this place.
 B = Non-inter-level travel time spent in this place.
 C = Inter-level travel time spent in this place.
 D = Time resting spent in this place.
 E = Time spent auto-exploring this place.
 F = Levels seen in this place.
 G = Mean time per level.
                   A        B        C        D        E       F      G
               +--------+--------+--------+--------+--------+-----+--------+
         Total |    537 |    537 |      0 |    134 |    293 |   1 |  537.0 |
       Dungeon |    537 |    537 |      0 |    134 |    293 |   1 |  537.0 |
               +--------+--------+--------+--------+--------+-----+--------+

Top non-repeatable levels by time:
     D:1: 537 daAuts
